 Dungeon Crawl Stone Soup version 0.20.0-8-g6b59dc7 (webtiles) character file.

67 Chiseanne the Magician (level 4, 30/30 HPs)
             Began as a Demonspawn Wizard on June 2, 2017.
             Quit the game on level 3 of the Dungeon.
             The game lasted 00:03:33 (2148 turns).

Chiseanne the Magician (Demonspawn Wizard)          Turns: 2148, Time: 00:03:34

Health: 30/30      AC:  5    Str: 10    XL:     4   Next: 0%
Magic:  10/10      EV: 12    Int: 20    God:
Gold:   69         SH:  0    Dex: 11    Spells: 2/11 levels left

rFire    . . .     SeeInvis .   k - +0 dagger
rCold    . . .     Gourm    .   (no shield)
rNeg     . . .     Faith    .   a - +0 robe
rPois    .         Spirit   .   b - +0 hat
rElec    .         Reflect  .   h - +0 cloak
rCorr    .         Harm     .   (no gloves)
MR       .....                  (no boots)
Stlth    +.........             (no amulet)
Regen    0.1/turn               p - +2 ring of strength
MPRegen  0.2/turn               (no ring)

@: no status effects
A: hooves 1, icy blue scales 1, powered by death 1
a: no special abilities


You were on level 3 of the Dungeon.
You were hungry.

You visited 1 branch of the dungeon, and saw 3 of its levels.

You collected 69 gold pieces.

Inventory:

Hand Weapons
 k - a +0 dagger (weapon)
Missiles
 f - 16 poisoned needles
 j - 18 arrows
 l - 40 stones (quivered)
Armour
 a - a +0 robe (worn)
 b - a +0 hat (worn)
 h - a +0 cloak (worn)
Jewellery
 p - a +2 ring of strength (left hand)
Scrolls
 n - a scroll of amnesia
 o - a scroll of enchant weapon {unknown}
Potions
 e - a potion of cancellation
Comestibles
 d - a bread ration
 i - a royal jelly
 m - a meat ration
 q - 2 fruits


   Skills:
 - Level 1.7 Dodging
 - Level 1.7 Stealth
 * Level 4.0 Spellcasting
 * Level 2.4 Conjurations
   Level 1.0 Summonings
 - Level 0.8 Translocations


You had 2 spell levels left.
You knew the following spells:

 Your Spells              Type           Power        Failure   Level  Hunger
a - Magic Dart            Conj           ##..         4%          1    None
b - Blink                 Tloc           N/A          14%         2    #......
c - Conjure Flame         Conj/Fire      #.......     22%         3    ###....
d - Mephitic Cloud        Conj/Pois/Air  #.......     26%         3    ###....


Dungeon Overview and Level Annotations

Branches:
Dungeon (3/15)

Altars:


Innate Abilities, Weirdness & Mutations

You have large cloven feet.
You are partially covered in icy blue scales. (AC +2)
You regenerate a little health from kills.


Message History

Your magical contamination has completely faded away.
A rat comes into view.
Casting: Magic Dart
Confirm with . or Enter, or press ? or * to list all spells.
Aiming: Magic Dart
Press: ? - help, Shift-Dir - straight line, f - rat
Aim: a rat (hasn't noticed you)
The magic dart hits the rat.
The rat is moderately wounded.
Casting: Magic Dart
Confirm with . or Enter, or press ? or * to list all spells.
Aiming: Magic Dart
Press: ? - help, Shift-Dir - straight line, f/p - rat
Aim: a rat (moderately wounded)
The magic dart hits the rat.
You kill the rat!
You have reached level 4!
You feel stronger.
Your demonic ancestry asserts itself...
Icy blue scales grow over part of your body.
Are you sure you want to abandon this character and quit the game? (Confirm with "yes".)

#.. #.. #..
###.. %.$. #.. #
...##..###.#####
.......<@.......
...#####.####.#.
#.# #.# #.# #$#
#.# #.#


There were no monsters in sight!

Vanquished Creatures
  2 gnolls
  An adder (D:2)
  A worm (D:2)
  6 bats
  5 giant cockroaches
  6 goblins
  A hobgoblin (D:2)
  2 jackals (D:1)
  4 kobolds (D:1)
  2 frilled lizards
  4 rats
34 creatures vanquished.

Notes
Turn   | Place    | Note
-------+----------+-------------------------------------------
     0 | D:1      | Chiseanne the Demonspawn Wizard began the quest for the Orb.
     0 | D:1      | Reached XP level 1. HP: 13/13 MP: 4/4
   366 | D:1      | Gained mutation: You regenerate a little health from kills. [demonic ancestry]
   366 | D:1      | Reached XP level 2. HP: 19/19 MP: 0/6
  1077 | D:1      | Learned a level 2 spell: Blink
  1254 | D:2      | Gained mutation: You have large cloven feet. [demonic ancestry]
  1254 | D:2      | Reached XP level 3. HP: 17/24 MP: 1/8
  1904 | D:1      | Learned a level 3 spell: Conjure Flame
  1908 | D:1      | Learned a level 3 spell: Mephitic Cloud
  1939 | D:1      | Reached skill level 4 in Spellcasting
  2116 | D:3      | Gained mutation: You are partially covered in icy blue scales. (AC +2) [demonic ancestry]
  2116 | D:3      | Reached XP level 4. HP: 30/30 MP: 6/10
  2148 | D:3      | Quit the game

Skill      XL: |  1  2  3 |
---------------+----------+-----
Conjurations   | 2 |  2.4
Spellcasting   | 4 |  4.0
Dodging        | |  1.7
Stealth        | |  1.7
Summonings     | |  1.0
Translocations | |  0.8

Action                   |  1- 3 |  4- 6 || total
-------------------------+-------+-------++-------
Melee: Dagger            |    21 |       ||    21
       Kick              |     4 |       ||     4
Throw: Stone             |     8 |       ||     8
 Cast: Magic Dart        |    94 |     1 ||    95
       Mephitic Cloud    |     1 |       ||     1
  Use: Scroll            |     4 |       ||     4
 Stab: Sleeping          |     1 |       ||     1
  Eat: Chunk             |     3 |       ||     3
Armor: Robe              |    11 |       ||    11
Dodge: Dodged            |    30 |       ||    30
